 Dungeon Crawl Stone Soup version 0.30.0-29-ga12c61a403 (webtiles) character file.

Game seed: 13764582257020702398

586506 passiveaggressive the Minotaur Barricade (level 26, -10/266 HPs)
             Began as a Minotaur Fighter on June 23, 2023.
             Was a High Priest of Okawaru.
             Mangled by an Orb Guardian (38 damage)
             ... on level 5 of the Realm of Zot on June 24, 2023.
             The game lasted 02:41:54 (80830 turns).

passiveaggressive the Minotaur Barricade (MiFi)    Turns: 80830, Time: 02:41:55

Health: -10/266    AC: 18    Str: 30    XL:     26   Next: 9%
Magic:  25/30      EV: 25    Int:  6    God:    Okawaru [*****.]
Gold:   7460       SH:  0    Dex: 14    Spells: 25/25 levels left

rFire   + + .        C - melded +9 war axe of Evisceration {heavy, rElec Int+4}
rCold   + + .        z - melded +8 tower shield of Insurance {*Slow rF+ rC+ Str+3}
rNeg    + + +        A - melded +7 gold dragon scales
rPois   ∞            I - melded +1 hat {Will+}
rElec   +            y - melded +2 cloak "Tilanikk" {Str+6 Int+2 Dex+3}
rCorr   +            m - melded +0 pair of gloves "Meily" {Slay+2}
SInv    .            a - melded +0 pair of boots "Saba" {+Inv Will- Str+5}
Will    +....        K - melded amulet "Fonong" {Acrobat rPois rC+ Str+2 Stlth+}
Stlth   +++          B - melded +4 ring of protection
HPRegen 0.64/turn    T - melded ring of protection from fire
MPRegen 0.22/turn

%: random rage (3%)
@: mighty, about to teleport, wisp-form, silenced, heroic, finesse-ful, marked,
flying, studying 3 skills
A: insubstantial, flying, no casting, tiny, (horns 2), (retaliatory headbutt),
agile 1, berserk 1, (deformed body), high MP 1
}: 3/15 runes: serpentine, barnacled, silver
a: Renounce Religion


You were on level 5 of the Realm of Zot.
You worshipped Okawaru.
Okawaru was extremely pleased with you.
You were an insubstantial wisp.
You visited 11 branches of the dungeon, and saw 49 of its levels.
You visited the Abyss 1 time.
You visited 1 bazaar.
You also visited: Ossuary, Gauntlet, Ice Cave and Wizlab.

You collected 10063 gold pieces.
You spent 2603 gold pieces at shops.

Inventory:

Hand Weapons
 c - the +8 mithril axe "Arga" {speed, Will+}
   (Okawaru gifted it to you on level 3 of the Snake Pit)

   Will:      It increases your willpower.
 j - a +3 war axe of flaming
 C - the +9 war axe of Evisceration (melded) {heavy, rElec Int+4}
   (Okawaru gifted it to you on level 5 of the Lair of Beasts)

   Int:       It affects your intelligence (+4).
   rElec:     It insulates you from electricity.
Missiles
 L - 3 throwing nets
 O - 62 poisoned darts (quivered)
Armour
 a - the +0 pair of boots "Saba" (melded) {+Inv Will- Str+5}
   (Okawaru gifted it to you on level 1 of the Shoals)

   Str:       It affects your strength (+5).
   +Inv:      It lets you turn invisible.
   Will:      It decreases your willpower.
 m - the +0 pair of gloves "Meily" (melded) {Slay+2}
   (You bought it in a shop in a bazaar)

   Slay:      It affects your accuracy & damage with ranged weapons and melee
   (+2).
 o - +0 fire dragon scales
 y - the +2 cloak "Tilanikk" (melded) {Str+6 Int+2 Dex+3}
   (You found it in a wizard's laboratory)

   Str:       It affects your strength (+6).
   Int:       It affects your intelligence (+2).
   Dex:       It affects your dexterity (+3).
 z - the +8 tower shield of Insurance (melded) {*Slow rF+ rC+ Str+3}
   (You took it off Louise on level 14 of the Dungeon)

   Str:       It affects your strength (+3).
   rF:        It protects you from fire.
   rC:        It protects you from cold.
   *Slow:     It may slow you when you take damage.
 A - +7 gold dragon scales (melded)
 I - a +1 hat of willpower (melded)
Jewellery
 u - a +5 ring of evasion
 w - the ring "Lyheodux" {rC+ Will+ rCorr}
   (You took it off a spriggan berserker on level 2 of the Depths)

   [ring of resist corrosion]

   rC:        It protects you from cold.
   rCorr:     It protects you from acid and corrosion.
   Will:      It increases your willpower.
 x - a ring of protection from cold
 B - a +4 ring of protection (melded)
 G - a ring of ice
 K - the amulet "Fonong" (melded) {Acrobat rPois rC+ Str+2 Stlth+}
   (You took it off a deep elf knight on level 3 of the Elven Halls)

   [amulet of the acrobat]

   It increases your evasion while moving and waiting.
   Str:       It affects your strength (+2).
   rC:        It protects you from cold.
   rPois:     It protects you from poison.
   Stlth:     It makes you more stealthy.
 T - a ring of protection from fire (melded)
Wands
 e - a wand of iceblast (47)
 p - a wand of polymorph (10)
 D - a wand of flame (128)
 J - a wand of mindburst (23)
 Q - a wand of digging (25)
 Z - a wand of acid (38)
Scrolls
 b - 5 scrolls of fear
 d - 12 scrolls of magic mapping
 g - 25 scrolls of teleportation
 r - a scroll of amnesia
 H - 8 scrolls of fog
 N - a scroll of silence
 R - 6 scrolls of enchant weapon
 V - 3 scrolls of brand weapon
Potions
 f - 5 potions of cancellation
 h - 5 potions of heal wounds
 i - 28 potions of curing
 k - 10 potions of invisibility
 l - 6 potions of magic
 q - 10 potions of flight
 s - 7 potions of ambrosia
 t - 5 potions of berserk rage
 v - 6 potions of resistance
 E - 11 potions of might
 F - 8 potions of haste
 M - 10 potions of brilliance
Miscellaneous
 Y - a phial of floods


   Skills:
 O Level 27 Fighting
 - Level 3.6(8.6) Short Blades
 - Level 0.1(7.4) Long Blades
 - Level 18.0(23.0) Axes
 - Level 0.1(5.1) Staves
 O Level 27 Armour
 - Level 5.0(10.0) Dodging
 - Level 3.9(8.9) Stealth
 O Level 27 Shields
 - Level 0.1(5.1) Unarmed Combat
 - Level 7.0 Invocations
 * Level 22.1 Evocations


You had 25 spell levels left.
You didn't know any spells.
Your spell library contained the following spells:

 Spells                   Type           Power      Damage    Failure   Level
 Apportation              Tloc           0%         N/A       45%         1
 Beastly Appendage        Tmut           0%         N/A       45%         1
 Foxfire                  Conj/Fire      0%         2x1d4     45%         1
 Magic Dart               Conj           0%         1d3       45%         1
 Necrotise                Necr           0%         1d4       45%         1
 Sandblast                Erth           0%         2d4       45%         1
 Slow                     Hex            0%         N/A       45%         1
 Sting                    Tmut/Pois      0%         1d3       45%         1
 Blink                    Tloc           0%         N/A       58%         2
 Cigotuvi's Dreadful Rot  Necr/Pois/Air  0%         N/A       58%         2
 Lesser Beckoning         Tloc           0%         N/A       58%         2
 Passwall                 Tmut/Erth      0%         N/A       58%         2
 Poisonous Vapours        Pois/Air       0%         N/A       58%         2
 Static Discharge         Conj/Air       0%         2-2/arc   58%         2
 Sublimation of Blood     Necr           0%         N/A       58%         2
 Wereblood                Tmut           0%         N/A       58%         2
 Confusing Touch          Hex            0%         N/A       83%         3
 Dazzling Flash           Conj/Hex       0%         N/A       83%         3
 Frozen Ramparts          Ice            0%         1d1       83%         3
 Gell's Gravitas          Tloc           0%         N/A       83%         3
 Hailstorm                Conj/Ice       0%         3d3       83%         3
 Ignite Poison            Fire/Tmut/Pois 0%         N/A       83%         3
 Inner Flame              Hex/Fire       0%         N/A       83%         3
 Mephitic Cloud           Conj/Pois/Air  0%         N/A       83%         3
 Spider Form              Tmut/Pois      0%         N/A       83%         3
 Stone Arrow              Conj/Erth      0%         3d7       83%         3
 Teleport Other           Tloc           0%         N/A       83%         3
 Vampiric Draining        Necr           0%         2d6       83%         3
 Vhi's Electric Charge    Tloc/Air       0%         N/A       83%         3
 Volatile Blastmotes      Fire/Tloc      0%         2d10      83%         3
 Cause Fear               Hex            0%         N/A       99%         4
 Dispel Undead            Necr           0%         3d6       99%         4
 Flame Wave               Conj/Fire      0%         2d4       99%         4
 Fulminant Prism          Conj/Hex       0%         3d5       99%         4
 Ice Form                 Ice/Tmut       0%         N/A       99%         4
 Iskenderun's Mystic Bla  Conj/Tloc      0%         2d3       99%         4
 Manifold Assault         Tloc           0%         N/A       99%         4
 Passage of Golubria      Tloc           0%         N/A       99%         4
 Petrify                  Tmut/Erth      0%         N/A       99%         4
 Sticky Flame             Conj/Fire      0%         2d3       99%         4
 Agony                    Necr           0%         N/A       100%        5
 Alistair's Intoxication  Tmut/Pois      0%         N/A       100%        5
 Arcjolt                  Conj/Air       0%         1d10      100%        5
 Blade Hands              Tmut           0%         N/A       100%        5
 Borgnjor's Vile Clutch   Necr/Erth      0%         N/A       100%        5
 Freezing Cloud           Conj/Ice/Air   0%         6-21      100%        5
 Irradiate                Conj/Tmut      0%         3d11      100%        5
 Lee's Rapid Deconstruct  Erth           0%         3d4*      100%        5
 Metabolic Englaciation   Hex/Ice        0%         N/A       100%        5
 Silence                  Hex/Air        0%         N/A       100%        5
 Yara's Violent Unravell  Hex/Tmut       0%         3d3       100%        5
 Dispersal                Tloc           0%         N/A       100%        6
 Eringya's Noxious Bog    Tmut/Pois      0%         N/A       100%        6
 Plasma Beam              Fire/Air       0%         2x1d11    100%        6
 Starburst                Conj/Fire      0%         6d3       100%        6
 Statue Form              Tmut/Erth      0%         N/A       100%        6
 Dragon Form              Tmut           0%         N/A       100%        7
 Enfeeble                 Hex            0%         N/A       100%        7
 Orb of Destruction       Conj           0%         9d5       100%        7
 Storm Form               Tmut/Air       0%         N/A       100%        7
 Disjunction              Tloc           0%         N/A       100%        8
 Ignition                 Fire           0%         3d3       100%        8
 Lehudib's Crystal Spear  Conj/Erth      0%         10d2      100%        8
 Maxwell's Capacitive Co  Air            0%         ∞         100%        8
 Fire Storm               Conj/Fire      0%         5d1       100%        9
 Summon Small Mammal      Summ           Unusable   N/A       N/A         1
 Call Canine Familiar     Summ           Unusable   N/A       N/A         3
 Summon Guardian Golem    Hex/Summ       Unusable   N/A       N/A         3
 Tukima's Dance           Hex            Unusable   N/A       N/A         3
 Animate Armour           Summ/Erth      Unusable   N/A       N/A         4
 Death Channel            Necr           Unusable   N/A       N/A         6
 Simulacrum               Ice/Necr       Unusable   N/A       N/A         6
 Spellforged Servitor     Conj/Summ      Unusable   N/A       N/A         7
 Summon Hydra             Summ           Unusable   N/A       N/A         7
 Dragon's Call            Summ           Unusable   N/A       N/A         9

Dungeon Overview and Level Annotations

Branches:
Dungeon (15/15)            Temple (1/1) D:4            Lair (5/5) D:11
 Shoals (4/4) Lair:2        Snake (4/4) Lair:2        Slime (0/5) Lair:4
    Orc (2/2) D:11            Elf (3/3) Orc:2        Vaults (5/5) D:13
  Crypt (0/3) Vaults:3     Depths (4/4) D:15           Hell (visited)
    Zot (5/5) Depths:4    Ossuary (visited)           IceCv (visited)
 WizLab (visited)         Gauntlet (visited)
    Dis: Hell:1         Geh: Hell:1         Coc: Hell:1         Tar: Hell:1

Altars:
Ashenzari
Cheibriados
Dithmenos
Elyvilon
Fedhas
Gozag
Hepliaklqana
Kikubaaqudgha
Makhleb
Nemelex Xobeh
Okawaru
Qazlal
Ru
Sif Muna
Trog
Uskayaw
Vehumet
Wu Jian
Xom
Yredelemnul
Zin
The Shining One
Jiyva

Shops:
D:4 !   D:8 :   Orc:1 ![(   Orc:2 ([*!   Elf:1 *((=::   Elf:2 [   Snake:2 (:
Vaults:2 *   Vaults:3 *   Vaults:5 *   Depths:1 (!?   Depths:3 =

Portals:
Hell: Depths:1 Depths:2 Depths:3 Depths:4
Abyss: Elf:1 Depths:3
Pandemonium: Depths:2
Ziggurat: Depths:2
Trove: Depths:3 (give 9 potions of haste)

Annotations:
D:10 exclusion: 2 statues
Elf:1 2 transporters, Zer Aschu's ghost, adept MiBe
Depths:1 1 runed translucent door, strangelove's ghost, master GrEE
Depths:2 exclusion: ice statue
Hell Geryon


Innate Abilities, Weirdness & Mutations

You are an insubstantial wisp.
Your tiny insubstantial body is highly resistant to most damage types.
You are flying.
Your equipment is entirely melded.
You are incapable of wielding weapons or throwing items.
You cannot cast spells.
((You have a pair of horns on your head.))
((You reflexively headbutt those who attack you in melee.))
You are agile. (Dex +4, Str/Int -1)
You sometimes lose your temper in combat.
((Armour fits poorly on your strangely shaped body.))
You have an increased reservoir of magic. (+10% MP)


Message History

The dread lich mumbles some strange words.
The Killer Klown blinks!
The Killer Klown prods you but does no damage.
You touch the Killer Klown.
The Killer Klown is lightly wounded.
Unknown command.
You closely miss the Killer Klown.
The Killer Klown is lightly wounded.
The Killer Klown misses you.
The moth of wrath goads the Orb Guardian on!
The Orb Guardian goes berserk!
Unknown command.
You touch the Killer Klown.
The Killer Klown is lightly wounded.
The ancient lich mumbles some strange words.
The ancient lich seems to speed up.
The dread lich mumbles some strange words.
The Killer Klown pies you viciously! The klown pie misses you.
The Executioner gestures.
The Executioner seems to speed up.
The Killer Klown blinks!
The Killer Klown headlocks you with a +11 club of flaming!
* * * LOW HITPOINT WARNING * * *
The ancient lich gestures wildly while chanting.
The ancient lich flickers and vanishes!
You hear some strange, mumbled words.
The Orb Guardian completely misses you. The Killer Klown completely misses you.
As you read the scroll of silence, it crumbles to dust.
A profound silence engulfs you. The Executioner closely misses you.
The Executioner hits you.
* * * LOW HITPOINT WARNING * * *
The Executioner hits you but does no damage.
The Orb Guardian misses you.
The Killer Klown blinks!
The Killer Klown tickles you with a +11 club of flaming!!
* * * LOW HITPOINT WARNING * * *
The Killer Klown burns you.
* * * LOW HITPOINT WARNING * * *
The Executioner closely misses you.
The Executioner completely misses you. x2
The Orb Guardian hits you!!!
You die...

##.........+.*#.# *,***#.....
.'.........#.*#.# **,..,+.....
##.........#.##.######....,#.....
...........#............#*,#.....
~.........⌠##.###..###.##*,#.....
~..........##⌠####.# *,* *,**+***
~..........'...# #.# *,* *,**,*
######▓▓▓▓########.########******
,,,,,** #.....v*.....^..# **,
,,,^,,** ##...1Xpp1.....#* **,,
,,,,,,,** #.....y.......# **,,,
,,,,,,,,* ##.§..{......## *,,,,
,,,,,,,,* #...L....*..# #....
,,,,,,,^* *#.p.....XL..## #....
,,,^,,,,* #.....1...Xz9.# #....
,,,,,,,,* *#^....^.....X.## #....
,,,,,,,,***....[.........*##*....


You could see 2 orbs of fire, 3 Killer Klowns, an electric golem, an ancient
lich (fast), a dread lich, a Tzitzimitl (summoned), an Ice Fiend (summoned,
unsilenced), a death cob, 4 Orb Guardians, an Executioner (summoned, fast,
unsilenced) and a moth of wrath (unsilenced).

Vanquished Creatures
  2 dread liches
  4 ancient liches
  2 orbs of fire
  2 juggernauts (Depths:2)
  Boris (Depths:3)
  Saint Roka (Snake:3)
  Parghit (Zot:2)
  A Killer Klown (Zot:5)
  2 curse toes
  8 golden dragons
  Nikola (Snake:1)
  4 bone dragons
  2 Tzitzimimeh (Depths:2)
  2 doom hounds (Depths:2)
  13 tentacled monstrosities
  Jorgrun (D:13)
  An electric golem (Zot:1)
  14 titans
  11 Orb Guardians (Zot:5)
  Mlioglotl (Snake:3)
  A walking earthen tome (Depths:2)
  7 quicksilver dragons
  Grunn (Depths:2)
  6 liches
  A walking divine tome (WizLab)
  A walking frostbound tome (Depths:2)
  3 deep elf master archers (Elf:3)
  3 deep elf blademasters (Elf:3)
  A walking crystal tome (WizLab)
  2 krakens
  8 sphinxes
  The ghost of Palms the Marksminotaur, an adept MiHu of Fedhas (Vaults:2)
  11 death cobs
  Gastronok (D:8)
  An Executioner (Abyss:3)
  An acid blob (Vaults:2)
  6 tengu reavers
  17 storm dragons
  8 shadow dragons
  A strange machine (WizLab)
  5 draconian monks
  Donald (Shoals:3)
  13 nagarajas
  The ghost of Fodor the Warrior, a journeyman MiFi of Gozag (Shoals:1)
  A rockslime (Vaults:2)
  8 draconian knights
  13 frost giants
  Aizul (Snake:3)
  3 iron dragons
  12 deep elf sorcerers
  5 draconian scorchers
  2 ghost moths
  9 fire giants
  2 balrugs
  Louise (D:14)
  10 draconian shifters
  A ghost moth (shapeshifter) (Vaults:4)
  22 vault wardens
  3 deep elf elementalists (Elf:3)
  4 draconian stormcallers
  2 reapers (Depths:2)
  4 orc warlords
  18 ironbound preservers
  A quicksilver ooze (Vaults:2)
  8 draconian annihilators
  3 war gargoyles
  A caustic shrike skeleton (D:15)
  11 very ugly things
  12 stone giants
  5 ironbound thunderhulks
  A vampire knight (Depths:1)
  3 putrid mouths (Depths:2)
  4 deep elf annihilators
  15 green draconians
  13 yellow draconians
  6 deep elf demonologists
  5 black draconians
  9 ettins
  A minotaur (shapeshifter) (Vaults:4)
  A bunyip (shapeshifter) (Vaults:5)
  11 white draconians
  A minotaur (Gauntlet)
  3 spark wasps
  13 red draconians
  19 purple draconians
  12 dire elephants
  4 deep elf death magi
  2 blizzard demons (Depths:2)
  6 merfolk impalers
  2 crystal guardians (Vaults:2)
  A green death (Gauntlet)
  A jiangshi (Vaults:3)
  A merfolk javelineer (Shoals:4)
  7 fire dragons
  2 entropy weavers (Vaults:5)
  A spectral kraken (Shoals:2)
  18 yaktaur captains
  8 great orbs of eyes
  38 vault guards
  11 deep elf high priests
  13 rakshasas
  A salamander tyrant (Snake:4)
  9 anacondas
  16 ice dragons
  4 spriggan air magi
  A peacekeeper (Vaults:2)
  A catoblepas (Lair:3)
  A spriggan zombie (D:15)
  A hydra (shapeshifter) (Vaults:3)
  3 ghost crabs (Shoals:2)
  17 ironbound frosthearts
  2 merfolk avatars
  4 hydras
  38 dancing weapons
  5 merfolk aquamancers
  8 centaur warriors
  17 naga warriors
  2 two-headed ogres
  8 boulder beetles
  4 satyrs
  The ghost of LustLizard the Zephyrmancer, a journeyman DEAE of Vehumet (D:11)
  6 deep troll shamans
  5 deep troll earth magi
  13 tengu warriors
  11 hell hogs
  8 death yaks
  2 large abominations (Abyss:3)
  15 spriggan berserkers
  5 vampire magi
  3 soul eaters (Depths:2)
  5 shock serpents
  Urug (D:13)
  3 spriggans
  An orc high priest (Orc:2)
  10 hell knights
  13 deep elf knights
  5 naga sharpshooters
  5 sun demons
  5 skeletal warriors
  A wretched star (Abyss:3)
  5 skysharks
  7 iron trolls
  2 shadow wraiths (Depths:2)
  A salamander mystic (Snake:4)
  37 deep trolls
  An orange crystal statue (IceCv)
  A deep troll (shapeshifter) (Vaults:4)
  19 sea snakes
  5 glowing orange brains
  16 ironbound convokers
  A flayed ghost (Depths:3)
  5 lindwurms
  5 naga ritualists
  21 deep elf zephyrmancers
  Pikel (D:6)
  A steelbarb worm (shapeshifter) (Vaults:4)
  A swamp dragon (Lair:5)
  7 deep elf archers
  An anaconda skeleton (Abyss:3)
  23 deep elf pyromancers
  8 necromancers
  20 wizards
  10 orc knights
  34 harpies
  11 mana vipers
  3 phantasmal warriors (Vaults:4)
  5 orc sorcerers (Orc:2)
  A fire giant zombie (D:15)
  20 fauns
  A shining eye (shapeshifter) (Vaults:5)
  A wolf spider (shapeshifter) (Depths:1)
  41 ugly things
  A cyclops (D:14)
  23 manticores
  10 merfolk sirens
  2 ice statues (Depths:3)
  An elephant (shapeshifter) (Vaults:3)
  10 salamanders
  7 water nymphs
  21 moths of wrath
  Joseph (D:8)
  24 black mambas
  22 vault sentinels
  A worldbinder (Abyss:3)
  4 elephants
  12 naga magi
  2 guardian serpents (Snake:3)
  A smoke demon (Abyss:3)
  3 gargoyles
  7 torpor snails
  Maggie (D:6)
  2 orange demons (Gauntlet)
  10 rime drakes
  Psyche (D:8)
  2 hellions
  10 cane toads
  8 freezing wraiths
  28 yaktaurs
  11 komodo dragons
  An efreet (D:14)
  2 unseen horrors (Abyss:3)
  3 ice devils (Depths:2)
  5 tengu conjurers
  2 ancient zymes (Abyss:3)
  A guardian mummy (D:15)
  A hellwing (Abyss:3)
  3 meliai
  8 trolls
  15 hornets
  10 polar bears (IceCv)
  29 merfolk
  11 dream sheep
  9 wind drakes
  4 tyrant leeches (Lair:5)
  A spectral merfolk (Shoals:2)
  17 snapping turtles
  A slime creature (shapeshifter) (Vaults:5)
  4 blink frogs (Lair:3)
  50 slime creatures
  A shadow (D:11)
  A ynoxinul (Abyss:3)
  4 wyverns
  39 yaks
  13 water elementals
  2 air elementals (Elf:1)
  A fire bat (shapeshifter) (Vaults:5)
  2 vampires
  5 wraiths
  16 humans
  2 naga simulacra (Abyss:3)
  4 fire elementals
  A redback (Vaults:5)
  8 basilisks
  3 steam dragons
  2 vampire mosquitoes (D:12)
  2 chaos spawn (Abyss:3)
  Edmund (D:4)
  3 wargs
  Menkaure (D:6)
  25 nagas
  5 acid dragons
  A spectral snapping turtle (Shoals:2)
  10 water moccasins
  Duvessa (D:5)
  A human skeleton (D:15)
  3 small abominations (Abyss:3)
  26 orc warriors
  2 ettin simulacra (Depths:2)
  14 centaurs
  4 wolves (Lair:1)
  7 ogres
  A phantom (D:6)
  7 starcursed masses (Abyss:3)
  A lemure (D:5)
  2 kobold brigands
  Blork the orc (D:6)
  11 bullfrogs
  An elf skeleton (D:4)
  4 earth elementals
  2 scorpions
  4 necrophages (Lair:3)
  A gnoll sergeant (D:7)
  Dowan (D:5)
  6 electric eels
  A howler monkey (D:4)
  3 lava snakes (Lair:2)
  A human zombie (D:4)
  10 jellies
  26 orc priests
  An iron imp (Abyss:3)
  9 iguanas
  Ijyb (D:5)
  34 orc wizards
  3 mummies (Ossuary)
  7 gnolls
  4 adders
  A shadow imp (D:6)
  A white imp (D:7)
  An ufetubus (D:5)
  2 worms
  3 dart slugs
  76 orcs
  2 endoplasms (D:1)
  4 giant cockroaches
  A gnoll zombie (Ossuary)
  12 goblins
  5 hobgoblins
  11 kobolds
  3 quokkas (D:1)
  5 ball pythons
  4 bats
  10 frilled lizards
  2 goblin zombies (Ossuary)
  2 hobgoblin zombies (Ossuary)
  5 kobold zombies (Ossuary)
  3 orc skeletons (D:4)
  An orc zombie (D:4)
  6 rats
  4 tentacles
2062 creatures vanquished.

Vanquished Creatures (others)
  A draconian monk (Zot:2)
  A stone giant (Depths:1)
  A dancing weapon (Elf:2)
  A deep troll shaman (Depths:3)
  2 quicksilver dragon simulacra (Depths:2)
  2 wizards (Depths:3)
  A deep elf pyromancer (Elf:1)
  A polar bear (IceCv)
  A raiju (Abyss:3)
  A warg (Vaults:5)
  An orc priest (Orc:2)
  2 orc wizards (Orc:2)
  A lurking horror (Abyss:3)
  18 tentacles
34 creatures vanquished.

Grand Total: 2096 creatures vanquished

Notes
Turn   | Place    | Note
-------+----------+-------------------------------------------
     0 | D:1      | passiveaggressive the Minotaur Fighter began the quest for
                  | the Orb.
     0 | D:1      | Reached XP level 1. HP: 19/19 MP: 0/0
   177 | D:1      | Reached XP level 2. HP: 26/26 MP: 1/1
   553 | D:1      | Reached XP level 3. HP: 31/31 MP: 2/2
  1399 | D:2      | Reached skill level 5 in Axes
  1552 | D:2      | Found a faded altar of an unknown god.
  1711 | D:3      | Reached XP level 4. HP: 39/39 MP: 3/3
  1994 | D:3      | Found a shimmering blue altar of Sif Muna.
  2019 | D:3      | Found a sparkling altar of Nemelex Xobeh.
  2274 | D:4      | Found Qoise's Distillery.
  2300 | D:4      | Noticed a +0 dagger
  2301 | D:4      | Noticed a +0 hand axe
  2337 | D:4      | Reached XP level 5. HP: 40/45 MP: 4/4
  2474 | D:4      | Reached skill level 1 in Dodging
  2544 | D:4      | Found a sand-covered staircase.
  2565 | Ossuary  | Entered an ossuary
  2565 | Ossuary  | Noticed a wraith
  2565 | Ossuary  | Noticed a wraith
  2565 | Ossuary  | Noticed a wraith
  2827 | Ossuary  | Reached XP level 6. HP: 39/51 MP: 5/5
  2947 | Ossuary  | Noticed a wraith
  2962 | Ossuary  | Killed a wraith
  3122 | D:4      | Found a hide-covered altar of Uskayaw.
  3211 | D:4      | Bought 2 potions of heal wounds for 100 gold pieces
  3406 | D:4      | Found a staircase to the Ecumenical Temple.
  3417 | D:4      | Noticed Edmund
  3420 | Temple   | Entered the Ecumenical Temple
  3435 | Temple   | Became a worshipper of Warmaster Okawaru
  3448 | D:4      | Killed Edmund
  3449 | D:4      | Reached XP level 7. HP: 41/57 MP: 6/6
  4007 | D:5      | Entered Level 5 of the Dungeon
  4009 | D:5      | Noticed Dowan
  4009 | D:5      | Noticed Duvessa
  4024 | D:5      | Killed Duvessa
  4286 | D:5      | Killed Dowan
  4306 | D:5      | Noticed Ijyb
  4319 | D:5      | Killed Ijyb
  4319 | D:5      | Reached * piety under Okawaru
  4383 | D:5      | Reached skill level 10 in Axes
  5005 | D:6      | Noticed Menkaure
  5005 | D:6      | Noticed Blork the orc
  5021 | D:6      | Killed Menkaure
  5022 | D:6      | Reached XP level 8. HP: 64/64 MP: 7/7
  5040 | D:6      | Killed Blork the orc
  5094 | D:6      | Noticed Pikel
  5243 | D:6      | Reached ** piety under Okawaru
  5306 | D:6      | Noticed Maggie
  5323 | D:7      | Noticed a manticore
  5340 | D:7      | Killed a manticore
  5514 | D:7      | Found a sacrificial altar of Ru.
  5626 | D:7      | Reached XP level 9. HP: 49/70 MP: 8/8
  5827 | D:7      | You fall into a shaft and drop 1 floor!
  6280 | D:6      | Killed Maggie
  6563 | D:6      | Killed Pikel
  6563 | D:6      | Reached *** piety under Okawaru
  6564 | D:6      | Reached skill level 1 in Invocations
  6951 | D:8      | Noticed a troll
  6951 | D:8      | Found Fuatin's Vocational Training.
  6959 | D:7      | Killed a troll
  6960 | D:7      | Reached skill level 5 in Dodging
  7103 | D:8      | Reached **** piety under Okawaru
  7112 | D:8      | Reached skill level 5 in Fighting
  7112 | D:8      | Reached skill level 5 in Armour
  7116 | D:8      | Reached XP level 10. HP: 49/81 MP: 10/10
  7565 | D:8      | Noticed Joseph
  7585 | D:8      | Killed Joseph
  8099 | D:8      | Noticed Psyche
  8106 | D:8      | Killed Psyche
  8202 | D:8      | Found a glowing silver altar of Zin.
  8207 | D:8      | Noticed Gastronok
  8234 | D:8      | Killed Gastronok
  8462 | D:8      | Noticed a two-headed ogre
  8472 | D:8      | Killed a two-headed ogre
  8564 | D:4      | Bought a potion of heal wounds for 50 gold pieces
  8564 | D:4      | Bought a potion of invisibility for 80 gold pieces
  8564 | D:4      | Bought a potion of heal wounds for 50 gold pieces
  8871 | D:9      | Found an ancient bone altar of Kikubaaqudgha.
  8976 | D:9      | Identified the +4 ring mail of the Pit {Dex+2}
  9254 | D:9      | Found a broken altar of Ashenzari.
  9254 | D:9      | Found an opulent altar of Gozag.
  9255 | D:9      | Found a white marble altar of Elyvilon.
  9255 | D:9      | Found a basalt altar of Yredelemnul.
  9261 | D:9      | Found a burning altar of Makhleb.
  9420 | D:9      | Reached skill level 10 in Armour
  9420 | D:9      | Reached XP level 11. HP: 95/95 MP: 11/11
  9699 | D:10     | Entered Level 10 of the Dungeon
  9725 | D:10     | Reached ***** piety under Okawaru
  9924 | D:10     | Noticed an archer statue
  9926 | D:10     | Noticed an archer statue
 10060 | D:10     | Reached skill level 10 in Fighting
 10322 | D:10     | Found a radiant altar of Vehumet.
 11010 | D:11     | Found a staircase to the Orcish Mines.
 11036 | D:11     | Noticed a green ugly thing
 11049 | D:11     | Killed a green ugly thing
 11105 | D:11     | Found a staircase to the Lair.
 11330 | D:11     | Received a gift from Okawaru
 11331 | D:11     | Reached skill level 5 in Shields
 11504 | D:11     | HP: 1/102 [gargoyle/stone arrow (26)]
 11752 | D:11     | Reached skill level 1 in Short Blades
 11811 | D:11     | Found a runed translucent door.
 11811 | D:11     | Found a shimmering altar of Xom.
 11811 | D:11     | Noticed LustLizard's ghost (journeyman DEAE)
 11811 | D:11     | Noticed a +2 broad axe of chaos
 12475 | D:12     | Noticed a boulder beetle
 12479 | D:12     | Noticed a boulder beetle
 12490 | D:13     | Noticed a white ugly thing
 12516 | D:12     | Noticed a boulder beetle
 12529 | D:12     | Killed a boulder beetle
 12530 | D:12     | Reached XP level 12. HP: 55/113 MP: 6/12
 12538 | D:12     | Killed a boulder beetle
 12724 | D:12     | Received a gift from Okawaru
 13445 | Lair:1   | Entered Level 1 of the Lair of Beasts
 14256 | Lair:1   | Identified the +1 hat of Anaesthesia {rElec rN+ Will+++
                  | Str-5} (Okawaru gifted it to you on level 1 of the Lair of
                  | Beasts)
 14256 | Lair:1   | Received a gift from Okawaru
 14782 | Lair:2   | Noticed a five-headed hydra
 15026 | Lair:2   | Reached skill level 15 in Fighting
 15409 | Lair:2   | Noticed a six-headed hydra
 16071 | D:13     | Noticed Urug
 16071 | D:13     | Noticed a centaur warrior
 16071 | D:13     | Noticed a two-headed ogre
 16071 | D:13     | Found a gate to the Vaults.
 16547 | Lair:2   | Found a staircase to the Snake Pit.
 16982 | Lair:2   | Found a staircase to the Shoals.
 17315 | Lair:2   | Killed a six-headed hydra
 17466 | Lair:3   | Noticed a death yak
 17466 | Lair:3   | Noticed a death yak
 17466 | Lair:3   | Noticed a death yak
 17475 | Lair:2   | Killed a death yak
 17527 | Lair:3   | Killed a death yak
 17530 | Lair:3   | Killed a death yak
 17531 | Lair:3   | Reached XP level 13. HP: 66/126 MP: 9/13
 17932 | Lair:3   | Identified a scroll of acquirement
 17937 | Lair:3   | Acquired 1146 gold pieces
 18799 | Lair:3   | Reached skill level 15 in Axes
 19355 | Lair:3   | Identified the +4 robe of Subjectivity {Will+ Str+4 Int-5}
                  | (Okawaru gifted it to you on level 3 of the Lair of Beasts)
 19355 | Lair:3   | Received a gift from Okawaru
 19944 | Lair:4   | You fall into a shaft and drop 1 floor!
 19944 | Lair:5   | Entered Level 5 of the Lair of Beasts
 20134 | Lair:4   | Found a viscous altar of Jiyva.
 20134 | Lair:4   | Found a staircase to the Slime Pits.
 20273 | Lair:4   | Found an ornate altar of the Wu Jian Council.
 20273 | Lair:4   | Found a hide-covered altar of Uskayaw.
 20878 | Lair:5   | Found a runed translucent door.
 20879 | Lair:5   | Noticed a fire dragon
 21646 | Lair:5   | Reached XP level 14. HP: 95/140 MP: 11/14
 22005 | Lair:5   | Identified the +9 war axe of Evisceration {heavy, rElec
                  | Int+4} (Okawaru gifted it to you on level 5 of the Lair of
                  | Beasts)
 22005 | Lair:5   | Received a gift from Okawaru
 22554 | Lair:5   | Identified the +4 halberd "Leviticus" {drain, rC+ Str+2
                  | Int-5}
 23464 | Orc:1    | Entered Level 1 of the Orcish Mines
 23464 | Orc:1    | Found Umoer's Armour Boutique.
 23534 | Orc:1    | Found Toheona's Weapon Boutique.
 23783 | Orc:2    | Entered Level 2 of the Orcish Mines
 24143 | Orc:2    | Found a staircase to the Elven Halls.
 24599 | Orc:1    | Found Edaekh's Distillery.
 24620 | Orc:1    | Bought a potion of might for 68 gold pieces
 24620 | Orc:1    | Bought 2 potions of invisibility for 272 gold pieces
 24620 | Orc:1    | Bought a potion of heal wounds for 85 gold pieces
 24620 | Orc:1    | Bought a potion of might for 68 gold pieces
 24620 | Orc:1    | Bought a potion of heal wounds for 85 gold pieces
 24880 | Orc:2    | Found Renur's Weapon Shop.
 24880 | Orc:2    | Found Kerodun's Distillery.
 24880 | Orc:2    | Found Kun Tujue's Antique Armour Shop.
 24893 | Orc:2    | Found Loashaeppa's General Store.
 24953 | Orc:2    | Bought a potion of resistance for 120 gold pieces
 24953 | Orc:2    | Bought a potion of invisibility for 96 gold pieces
 24953 | Orc:2    | Bought a potion of might for 48 gold pieces
 25590 | D:12     | Received a gift from Okawaru
 25752 | D:13     | Killed Urug
 25940 | D:13     | Noticed Jorgrun
 25950 | D:13     | Killed Jorgrun
 26858 | D:14     | Identified the +0 buckler "Ziuzug" {rElec rCorr MP+9 Int-3}
                  | (Okawaru gifted it to you on level 14 of the Dungeon)
 26858 | D:14     | Received a gift from Okawaru
 26943 | D:14     | Identified the +8 tower shield of Insurance {*Slow rF+ rC+
                  | Str+3}
 26943 | D:14     | Noticed Louise
 26947 | D:14     | Killed Louise
 27580 | D:15     | Entered Level 15 of the Dungeon
 27599 | D:15     | Reached XP level 15. HP: 158/158 MP: 15/15
 27611 | D:15     | Found a staircase to the Depths.
 27635 | D:15     | Found a gate leading to a gauntlet.
 27640 | Gauntlet | Entered a Gauntlet
 27640 | Gauntlet | Found a transporter.
 27640 | Gauntlet | Found a transporter.
 27644 | Gauntlet | Found a transporter.
 27644 | Gauntlet | Found a transporter.
 27646 | Gauntlet | Found a large runed translucent door.
 27647 | Gauntlet | Found a large runed translucent door.
 27648 | Gauntlet | Found a large runed translucent door.
 27648 | Gauntlet | Found a large runed translucent door.
 27648 | Gauntlet | Found a runed translucent door.
 27648 | Gauntlet | Found a runed translucent door.
 27649 | Gauntlet | Found a large runed translucent door.
 27650 | Gauntlet | Found a large runed translucent door.
 27650 | Gauntlet | Found a large runed translucent door.
 27650 | Gauntlet | Found a large runed translucent door.
 27650 | Gauntlet | Found a large runed translucent door.
 27650 | Gauntlet | Found a large runed translucent door.
 27651 | Gauntlet | Found a large runed translucent door.
 27651 | Gauntlet | Found a large runed translucent door.
 27652 | Gauntlet | Found a runed translucent gate.
 27652 | Gauntlet | Found a runed translucent gate.
 27652 | Gauntlet | Found a runed translucent gate.
 27654 | Gauntlet | Found a transporter.
 27661 | Gauntlet | Found a transporter.
 27664 | Gauntlet | Found a transporter.
 27664 | Gauntlet | Found a transporter.
 27707 | Gauntlet | Found a transporter.
 27769 | Gauntlet | Found a transporter.
 27811 | Gauntlet | Got The Basics of Willworking
 27826 | Gauntlet | Found a transporter.
 27833 | Gauntlet | Found a transporter.
 27947 | Gauntlet | Identified the +0 dagger of Eclenon {pain, rElec Int+3}
 28323 | D:15     | Reached skill level 10 in Shields
 28907 | Snake:1  | Entered Level 1 of the Snake Pit
 28946 | Snake:1  | Found a snail-covered altar of Cheibriados.
 28956 | Snake:1  | Found a frozen archway.
 28967 | IceCv    | Entered an ice cave
 28975 | IceCv    | Received a gift from Okawaru
 29709 | IceCv    | Reached ****** piety under Okawaru
 30058 | IceCv    | Noticed a frost giant
 30058 | IceCv    | Noticed a frost giant
 30072 | IceCv    | Killed a frost giant
 30080 | IceCv    | Killed a frost giant
 30084 | IceCv    | Received a gift from Okawaru
 30761 | Snake:1  | Noticed Nikola
 30775 | Snake:1  | Killed Nikola
 32107 | Snake:2  | Reached skill level 15 in Shields
 32116 | Snake:2  | Reached XP level 16. HP: 164/167 MP: 16/16
 32175 | Snake:2  | Found Rotoekk's Weapon Shoppe.
 32264 | Snake:2  | Found Qeosuot's Tiny Tomes.
 33053 | Snake:3  | Noticed Saint Roka
 33160 | Snake:3  | Killed Saint Roka
 33333 | Snake:3  | Received a gift from Okawaru
 33333 | Snake:3  | Found the +8 mithril axe "Arga" {speed, Will+}
 33415 | Snake:3  | Noticed Aizul
 33432 | Snake:3  | Killed Aizul
 33737 | Snake:3  | Noticed Mlioglotl
 33753 | Snake:3  | Killed Mlioglotl
 34146 | Snake:4  | Entered Level 4 of the Snake Pit
 34930 | Snake:4  | Received a gift from Okawaru
 35345 | Snake:4  | Reached XP level 17. HP: 145/173 MP: 15/17
 35481 | Snake:4  | Received a gift from Okawaru
 35715 | Snake:4  | Got a serpentine rune of Zot
 36112 | Elf:1    | Entered Level 1 of the Elven Halls
 36150 | Elf:1    | Identified the +7 dagger of the Scorned {flame, rPois}
                  | (Okawaru gifted it to you on level 1 of the Elven Halls)
 36150 | Elf:1    | Received a gift from Okawaru
 36174 | Elf:1    | Reached skill level 1 in Evocations
 36346 | Elf:1    | Found a transporter.
 36531 | Elf:1    | Found a transporter.
 36541 | Elf:1    | Noticed a deep elf blademaster
 36543 | Elf:1    | Found a one-way gate to the infinite horrors of the Abyss.
 36595 | Elf:1    | Noticed Zer Aschu's ghost (adept MiBe)
 36640 | Elf:1    | Found Fearep's Antique Weapon Shop.
 36688 | Elf:1    | Found Usoi's Weapon Shop.
 36737 | Abyss:3  | Cast into level 3 of the Abyss (+1 short sword of
                  | distortion)
 36743 | Abyss:3  | Found a corrupted altar of Lugonu.
 36819 | Abyss:3  | Reached skill level 5 in Evocations
 37072 | Abyss:3  | Paralysed by accursed screaming for 1 turns
 37233 | Elf:1    | Escaped the Abyss
 37488 | Elf:1    | Received a gift from Okawaru
 37489 | Elf:1    | Found Huluony's Assorted Antiques.
 37814 | Elf:1    | Found Zifagh's Jewellery Emporium.
 37814 | Elf:1    | Found Cynt's Book Boutique.
 37815 | Elf:1    | Found Ywnat's Book Boutique.
 37827 | Elf:1    | Bought a ring of flight for 227 gold pieces
 37922 | Elf:2    | Found Piff's Antique Armour Shoppe.
 37941 | Elf:2    | Identified the +2 mace of Huired {flame, rF+}
 38074 | Elf:2    | Reached XP level 18. HP: 174/182 MP: 18/18
 38254 | Elf:2    | Found a runed translucent gate.
 38254 | Elf:2    | Found a runed translucent gate.
 38254 | Elf:2    | Found a runed translucent gate.
 38798 | Elf:2    | Reached skill level 10 in Evocations
 39830 | Shoals:1 | Entered Level 1 of the Shoals
 40072 | Shoals:1 | Identified the +0 pair of boots "Saba" {+Inv Will- Str+5}
                  | (Okawaru gifted it to you on level 1 of the Shoals)
 40072 | Shoals:1 | Received a gift from Okawaru
 40590 | Shoals:1 | Found a transporter.
 40611 | Shoals:1 | Found a transporter.
 40619 | Shoals:1 | Noticed Fodor's ghost (journeyman MiFi)
 40652 | Shoals:1 | Killed Fodor's ghost
 40669 | Shoals:1 | Identified the ring of the Duchess {rCorr Str+4 Int-4
                  | Slay+3}
 40682 | Shoals:1 | Identified the +5 broad axe "Kiapn" {protect, rElec Stlth+}
 42066 | Shoals:3 | Noticed Donald
 42069 | Shoals:3 | Killed Donald
 42529 | Shoals:3 | Received a gift from Okawaru
 42538 | Shoals:3 | Reached XP level 19. HP: 152/193 MP: 19/19
 43289 | Shoals:4 | Entered Level 4 of the Shoals
 43617 | Shoals:4 | Received a gift from Okawaru
 44402 | Shoals:4 | Identified the +0 chain mail "Liycziczi" {rF- rCorr Dex+5
                  | SInv}
 44440 | Shoals:4 | Got a barnacled rune of Zot
 45110 | Vaults:1 | Entered Level 1 of the Vaults
 45348 | Vaults:1 | Received a gift from Okawaru
 45879 | Vaults:1 | Identified the +0 robe of the Moon Troll {*Slow rF++}
                  | (Okawaru gifted it to you on level 1 of the Vaults)
 45879 | Vaults:1 | Received a gift from Okawaru
 46359 | Vaults:1 | Reached skill level 15 in Evocations
 46738 | Vaults:2 | Reached XP level 20. HP: 176/202 MP: 20/20
 48035 | Vaults:2 | Received a gift from Okawaru
 48411 | Vaults:2 | Found Fypyegonope's Assorted Antiques.
 48419 | Vaults:2 | Bought a scroll of silence for 275 gold pieces
 48483 | Vaults:2 | Found a runed translucent gate.
 48484 | Vaults:2 | Found a runed translucent gate.
 48484 | Vaults:2 | Found a runed translucent gate.
 48484 | Vaults:2 | Noticed Palms's ghost (adept MiHu)
 48489 | Vaults:2 | Found a viscous altar of Jiyva.
 48522 | Vaults:2 | Killed Palms's ghost
 48529 | Vaults:2 | Identified the +3 cloak of Entitlement {Int+4}
 48540 | Vaults:2 | Got the Folio of Gusty Illusion
 49475 | Vaults:3 | Found a staircase to the Crypt.
 49550 | Vaults:3 | Got the Essays on Vexatious Shifting
 49572 | Vaults:3 | Identified the +5 scale mail "Dihe" {rPois Regen+ Str+3
                  | Stlth-} (Okawaru gifted it to you on level 3 of the Vaults)
 49572 | Vaults:3 | Received a gift from Okawaru
 50135 | Vaults:3 | Found Xat Duck's Assorted Antiques.
 50157 | Vaults:3 | Found the +8 storm bow {elec, penet}
 50239 | Vaults:3 | Reached XP level 21. HP: 188/210 MP: 21/21
 51357 | Vaults:4 | Found a magical portal.
 51363 | WizLab   | Entered Tukima's Studio
 51439 | WizLab   | Reached skill level 5 in Invocations
 51493 | WizLab   | Identified the +1 pair of gloves "Meuroh" {Harm rPois Int+2
                  | SInv}
 51499 | WizLab   | Noticed passiveaggressive's illusion
 51561 | WizLab   | Noticed passiveaggressive's illusion
 51574 | WizLab   | Identified the +2 hat "Omitoc" {rC- Int+2 SInv Stlth+}
 51579 | WizLab   | Identified the +2 cloak "Tilanikk" {Str+6 Int+2 Dex+3}
 51640 | WizLab   | Identified the +4 longbow of Armageddon {speed, rPois rF-
                  | rCorr}
 52406 | Vaults:4 | Received a gift from Okawaru
 53748 | Elf:3    | Entered Level 3 of the Elven Halls
 54378 | Elf:3    | Received a gift from Okawaru
 54379 | Elf:3    | Reached skill level 27 in Shields
 54958 | Elf:3    | Identified the +7 scimitar "Lifu" {spect, rElec Int+3
                  | Dex+3}
 54958 | Elf:3    | Identified the amulet "Fonong" {Acrobat rPois rC+ Str+2
                  | Stlth+}
 55039 | Elf:3    | Identified the staff of air "Fyicuch" {Fly rElec rC++ Str+2
                  | Dex-2}
 55040 | Elf:3    | Identified the staff of air "Igraib" {Contam rElec rPois
                  | rC+ Stlth+}
 55057 | Elf:3    | Got the Volume of Sizzling Effluvium
 55067 | Elf:3    | Identified the +5 sling of Integrity {speed, Str+7}
 55077 | Elf:3    | Identified the staff of earth "Natou" {rElec}
 55078 | Elf:3    | Identified the staff of poison "Voippo" {rPois rCorr Int+3
                  | Dex+2}
 55081 | Elf:3    | Identified the +6 sling of the Walnut {heavy, rF+ Dex+4}
 55099 | Elf:3    | Got Vehumet's Compendium of Conjuration
 55102 | Elf:3    | Identified the staff of fire "Liet" {rPois rF+ Will+ Str+3
                  | Stlth-}
 55118 | Elf:3    | Identified the +5 spear "Nunlen" {speed, rN+ Will+ Str-2}
 55401 | D:11     | Killed LustLizard's ghost
 55615 | Vaults:5 | Entered Level 5 of the Vaults
 55615 | Vaults:5 | Noticed an ancient lich
 55615 | Vaults:5 | Noticed an ancient lich
 55625 | Vaults:5 | Reached XP level 22. HP: 214/224 MP: 26/26
 55642 | Vaults:5 | Killed an ancient lich
 55656 | Vaults:5 | Killed an ancient lich
 55656 | Vaults:5 | Identified the +2 pair of boots of Darkness {Dex+5}
                  | (Okawaru gifted it to you on level 5 of the Vaults)
 55656 | Vaults:5 | Received a gift from Okawaru
 56936 | Vaults:5 | Identified the +12 great mace of Azuusad {flame, Drain
                  | Str+2 Int+3 Stlth+}
 57384 | Vaults:5 | Noticed a dread lich
 57709 | Vaults:5 | Paralysed by a dread lich for 5 turns
 58136 | Vaults:4 | Reached skill level 27 in Fighting
 58346 | Vaults:4 | Killed a dread lich
 58460 | Vaults:5 | Reached skill level 15 in Armour
 59170 | Vaults:5 | Received a gift from Okawaru
 59515 | Vaults:5 | Noticed an ancient lich
 59533 | Vaults:5 | Killed an ancient lich
 59634 | Vaults:5 | Identified the staff of death "Tiorphif" {rN+ Str+4 Dex+4}
 59700 | Vaults:5 | Identified the +6 sling "Faaghaox" {flame, rN+ Will++}
 59725 | Vaults:5 | Reached XP level 23. HP: 230/240 MP: 27/27
 60032 | Vaults:5 | Identified the staff of cold "Fedwo" {rF+ rC+}
 60098 | Vaults:5 | Noticed a dread lich
 60108 | Vaults:5 | Killed a dread lich
 60147 | Vaults:5 | Identified the staff of cold "Aduack" {rC+ Will+ rCorr
                  | Stlth+}
 60187 | Vaults:5 | Found Morokot's General Store.
 60225 | Vaults:5 | Received a gift from Okawaru
 60561 | Vaults:5 | Identified the +1 scale mail of Fun {rF+ Will- Str+4}
 60601 | Vaults:5 | Got a silver rune of Zot
 60850 | Depths:1 | Entered Level 1 of the Depths
 61067 | Depths:1 | Found a flickering gateway to a bazaar.
 61080 | Bazaar   | Entered a bazaar
 61080 | Bazaar   | Found Yddief's Distillery.
 61087 | Bazaar   | Bought a potion of heal wounds for 55 gold pieces
 61090 | Bazaar   | Found Uxaittiph's General Store.
 61098 | Bazaar   | Bought a potion of heal wounds for 90 gold pieces
 61101 | Bazaar   | Found Ymeuphek's Antique Weapon Shoppe.
 61109 | Bazaar   | Found Ducohe's Book Shoppe.
 61120 | Bazaar   | Found Rujutic's Antique Armour Boutique.
 61128 | Bazaar   | Bought a pair of faintly humming gloves for 256 gold pieces
 61128 | Bazaar   | Identified the +0 pair of gloves "Meily" {Slay+2} (You
                  | bought it in a shop in a bazaar)
 61678 | Depths:1 | Found a gateway to Hell.
 61711 | Depths:1 | Found Xore's Weapon Boutique.
 61713 | Depths:1 | Found Asan's Distillery.
 61715 | Depths:1 | Found Roojien's Magic Scroll Boutique.
 61721 | Depths:1 | Bought a potion of resistance for 200 gold pieces
 61721 | Depths:1 | Bought a potion of haste for 200 gold pieces
 61723 | Depths:1 | Bought a scroll of blinking for 127 gold pieces
 61723 | Depths:1 | Bought a scroll of teleportation for 51 gold pieces
 61810 | Depths:1 | Found a runed translucent door.
 61812 | Depths:1 | Identified the +8 chain mail of Lust {rC++ Str-2}
 61813 | Depths:1 | Noticed strangelove's ghost (master GrEE)
 62091 | Depths:1 | Found a hazy altar of Hepliaklqana.
 62546 | Depths:2 | Paralysed by a vampire knight for 4 turns
 62911 | Depths:2 | Identified the staff of earth "Moabo" {rC+ Will+}
 63138 | Depths:2 | Received a gift from Okawaru
 63138 | Depths:2 | Found the +3 pair of mountain boots {steadfast, rC+}
 63212 | Depths:2 | Found a shimmering blue altar of Sif Muna.
 63302 | Depths:2 | Noticed a juggernaut
 63307 | Depths:2 | Identified the ring "Lyheodux" {rC+ Will+ rCorr}
 63845 | Depths:2 | Found a hide-covered altar of Uskayaw.
 63924 | Depths:2 | Found a one-way gate leading to the halls of Pandemonium.
 64033 | Depths:2 | Noticed a juggernaut
 64146 | Depths:2 | Killed a juggernaut
 64159 | Depths:2 | Killed a juggernaut
 64474 | Depths:2 | Noticed Grunn
 64929 | Depths:2 | Found a snail-covered altar of Cheibriados.
 64929 | Depths:2 | Found a one-way gateway to a ziggurat.
 65032 | Depths:2 | Identified the +3 tower shield of Fashionability {Rampage
                  | +Inv rF- rN+++} (Okawaru gifted it to you on level 2 of the
                  | Depths)
 65032 | Depths:2 | Received a gift from Okawaru
 65042 | Depths:2 | Reached XP level 24. HP: 249/249 MP: 27/27
 65055 | Depths:2 | Found an ancient bone altar of Kikubaaqudgha.
 65068 | Depths:2 | Killed Grunn
 65793 | Depths:3 | Found Gaojaaxt's Antique Artefacts.
 66118 | Depths:3 | Noticed Boris
 66137 | Depths:3 | Killed Boris
 66726 | Depths:3 | Found a stormy altar of Qazlal.
 66850 | Depths:3 | Found a portal to a secret trove of treasure.
 66924 | Depths:3 | Found Yciboyla's Jewellery Emporium.
 67251 | Depths:3 | Noticed an ancient lich
 67257 | Depths:3 | Identified the amulet of Effivemm {Spirit rPois rF+ Int+4
                  | SInv}
 67262 | Depths:3 | Identified the staff of conjuration "Ilyucigh" {Contam
                  | +Blink Str+2 Int+3}
 67476 | Depths:3 | Identified the +1 sling of the Madman {drain, Str+3 Int-5
                  | Dex+6}
 67483 | Depths:3 | Killed an ancient lich
 67487 | Depths:3 | Identified the +2 trident of Tenacity {spect, Str+2}
 68106 | Hell     | Entered the Vestibule of Hell
 68106 | Hell     | Noticed Geryon
 68676 | Depths:4 | Entered Level 4 of the Depths
 69333 | Depths:4 | Received a gift from Okawaru
 70324 | Depths:4 | Found a gate to the Realm of Zot.
 70538 | Zot:1    | Entered Level 1 of the Realm of Zot
 71081 | Zot:1    | Received a gift from Okawaru
 71353 | Zot:1    | Reached skill level 27 in Armour
 72340 | Zot:2    | Reached XP level 25. HP: 220/257 MP: 27/27
 72629 | Zot:2    | You fall into a shaft and drop 1 floor!
 73151 | Zot:2    | Noticed Parghit
 73174 | Zot:2    | Killed Parghit
 75357 | Zot:3    | Identified the +6 plate armour "Kupsy" {Contam Drain Will++
                  | SInv} (Okawaru gifted it to you on level 3 of the Realm of
                  | Zot)
 75357 | Zot:3    | Received a gift from Okawaru
 75764 | Zot:3    | Got Roqauxze's Compilation of Numb Clay
 75765 | Zot:3    | Identified the +7 battleaxe of Bread {pain, *Rage rElec
                  | rPois Str+2}
 78514 | Zot:4    | Noticed an orb of fire
 78539 | Zot:4    | Killed an orb of fire
 79384 | Zot:4    | Received a gift from Okawaru
 79485 | Zot:5    | Entered Level 5 of the Realm of Zot
 80226 | Zot:5    | Reached XP level 26. HP: 194/266 MP: 27/27
 80792 | Zot:5    | Noticed an orb of fire
 80793 | Zot:5    | Noticed an orb of fire
 80794 | Zot:5    | Gained mutation: You have an increased reservoir of magic.
                  | (+10% MP) [an orb of fire]
 80799 | Zot:5    | Gained mutation: You sometimes lose your temper in combat.
                  | [an orb of fire]
 80801 | Zot:5    | Gained mutation: Armour fits poorly on your strangely
                  | shaped body. [an orb of fire]
 80803 | Zot:5    | Noticed an orb of fire
 80803 | Zot:5    | Noticed a dread lich
 80806 | Zot:5    | Killed an orb of fire
 80808 | Zot:5    | Noticed an ancient lich
 80821 | Zot:5    | Gained mutation: You are agile. (Dex +4, Str/Int -1) [an
                  | orb of fire]
 80822 | Zot:5    | Noticed a dread lich
 80822 | Zot:5    | Noticed an ancient lich
 80830 | Zot:5    | Mangled by an Orb Guardian

Illustrated notes

Levels and vault maps discovered:
D:1:      dpeg_arrival_erosion, layout_basic, serial_bayou_ford_a,
          minmay_misc_feat_ornament, chequers_serial_rivers_large_b
D:2:      layout_basic, ebering_ecumenical_altar_box, minmay_lizard_king
D:3:      layout_basic, amcnicky_altar_gilded, lemuel_blue_sif_altar
D:4:      layout_layer_cave, dancing_weapons_uskayaw,
          minmay_temple_entry_butterflies, serial_shops,
          nicolae_shop_industrial_runoff, nicolae_ossuary_entry_catacombs,
          uniq_edmund
D:5:      layout_loops_cross, corexii_shack, uniq_duvessa, uniq_ijyb
D:6:      layout_cave_pools, serial_glass, glass_columns_b, glass_columns_c,
          uniq_pikel, uniq_maggie, uniq_menkaure, uniq_blork_the_orc
D:7:      layout_loops_ring, nicolae_ru_great_annihilating_truth
D:8:      layout_loops_ring, mainiacjoe_overflow_catwalk,
          nicolae_shop_vocational, uniq_psyche, uniq_joseph, uniq_gastronok
D:9:      layout_roguey, grunt_temple_overflow_open,
          mainiacjoe_overflow_small_starburst
D:10:     layout_basic, fiery_altar_vehumet, st_stairs_10,
          minmay_dual_archer_statues
D:11:     layout_cave_pools, david_lair_generic, orc_0_dummy, ebering_ghost_xom
D:12:     layout_basic
D:13:     layout_basic, david_vaults_3, uniq_jorgrun
D:14:     layout_long_grid, amcnicky_mini_corridor_feature, uniq_louise
D:15:     gammafunk_depths_entry_grave, layout_loops_ring,
          gauntlet_entry_generic
Temple:   hellmonk_temple_micro_hex
Lair:1:   layout_roguey, chequers_serial_rivers_small_b
Lair:2:   layout_roguey, minmay_shoals_entry_hut,
          nicolae_snake_entry_warm_welcome, minivault_23
Lair:3:   layout_gridlike, roderic_carrion_pond
Lair:4:   layout_small_grid, nicolae_slime_entry_field_trip,
          nzn_masters_of_martial_movement
Lair:5:   guppyfry_lair_end_dragon, layout_misc_corridors, wormcave
Shoals:1: layout_shoals, gammafunk_ghost_berserking_beasts
Shoals:2: layout_shoals, nicolae_shoals_spectral_cove
Shoals:3: layout_shoals, nicolae_shoals_wave_tunnel, uniq_donald
Shoals:4: shoals_end_grunt_garden, layout_shoals
Snake:1:  layout_layer_cave, basic_altar, portal_ice_cave_entry_pillars_three,
          nicolae_snake_gridmaze_big_u, nicolae_snake_slithery_corners,
          nicolae_snake_squiggles, nicolae_snake_serpentine_hallways,
          uniq_nikola
Snake:2:  layout_basic, serial_shops, nicolae_shop_waterfront,
          nicolae_shop_i_like_small_books_too
Snake:3:  hangedman_cross_stitches, layout_basic, uniq_aizul, uniq_saint_roka,
          uniq_mlioglotl
Snake:4:  grunt_snake_rune_spirals, layout_onion_interference,
          nicolae_shop_clearance
Orc:1:    layout_caves, serial_shops, nicolae_shop_bloodbath_and_beyond,
          nicolae_shop_tiny_glass, nicolae_shop_advertising_works
          [nicolae_subvault_shop_adworks]
Orc:2:    st_orc_mages, layout_caves, nicolae_orc_pool_cavern
Elf:1:    elf_arrival_001, layout_rooms, serial_shops,
          nicolae_shop_tiny_waterfront, shop, nicolae_shop_statue_plus,
          gammafunk_ghost_abyssal_escape, minmay_elf_sorcery,
          patterned_corridor, minmay_shop_grove
Elf:2:    elven_hall_of_blades_hangedman_original
          [nicolae_blade_entry_pointy_end], layout_loops_ring, serial_shops,
          nicolae_shop_stone
Elf:3:    minmay_elf_hall_statues, layout_gridlike
Vaults:1: vaults_dpeg_spiral, v_misc_4, nicolae_vaults_hallways_thing,
          nicolae_vaults_shipping_containers_7, v_misc_22, nicolae_vaults_heist,
          nicolae_vaults_windows_and_doors_thing, nicolae_vaults_trapezoid_2,
          nicolae_vaults_trapezoid_3, nicolae_vaults_six-pack,
          nicolae_vaults_sesquioval_fish, nicolae_vaults_asterisk,
          layout_vaults_omnicross
Vaults:2: gammafunk_ghost_ooze, vaults_room_door_hall, st_smaller_cells,
          nicolae_vaults_little_ls, v_pattern_5, vaults_standard_mumra_x,
          vaults_dpeg_cross, nicolae_vaults_trapezoid_lopsided_3, v_misc_22,
          nicolae_vaults_surprise_closet, vaults_dpeg_ring,
          nicolae_vaults_storage_closets_2, nicolae_vaults_sesquioval_fish,
          layout_vaults_chaotic_city, serial_shops, shop
Vaults:3: nicolae_vaults_little_squares_3, v_misc_12, v_pattern_2,
          minmay_crypt_entry_simple_sparse, v_misc_1, v_misc_31, v_misc_4,
          nicolae_vaults_wine_cellar, ontoclasm_vaults_claustrophobia,
          hangedman_vaults_stretched_pinwheel,
          minmay_guarded_unrand_secular_launcher, ontoclasm_vaults_ring_square,
          nicolae_vaults_tetromino_L_1, hangedman_vaults_stretched_pinwheel,
          layout_vaults_omnibox, serial_shops, shop_fountains
Vaults:4: infiniplex_enter_wizlab_spiral, hangedman_vaults_variations,
          nicolae_vaults_closet_pinwheel_4, ontoclasm_vaults_spin,
          nicolae_vaults_big_angled_halls, v_misc_3, hangedman_vaults_stream,
          grunt_vaults_twisty, nicolae_vaults_security_offices_3,
          nicolae_vaults_storage_room_water, nicolae_vaults_hexular_roomagon,
          nicolae_vaults_hexular_roomagon, layout_vaults_ring
Vaults:5
Depths:1: layout_cave_shapes, nzn_hepliaklqana_mist_gate, pf_coc_iceberg,
          serial_shops, bzr_entry_customers, ebering_ghost_inner_flame,
          minmay_alternating_orb, kennysheep_random_hallway, minmay_shop_star
Depths:2: grunt_profane_halls [grunt_profane_temple_tar,
          grunt_profane_temple_dis, grunt_profane_temple_geh,
          grunt_profane_temple_coc, grunt_profane_loot], pan_entry,
          serial_shops, hell_entry, uniq_grunn
Depths:3: cheibrodos_cascadia, layout_cave_shapes, enter_trove_6,
          nicolae_qazlal_style_of_elements, hell_entry,
          nicolae_abyss_entry_one_way_or_another, serial_shops,
          nicolae_shop_gaudy_bauble, nicolae_antique_artefacts,
          kennysheep_generic_room_4, uniq_boris
Depths:4: grunt_zot_entry_pinwheel, layout_basic, hell_entry,
          corexii_hall_statues_x, serial_bayou_shore_b
Hell
Zot:1:    layout_gridlike
Zot:2:    layout_concentric_octagons, uniq_parghit
Zot:3:    kennysheep_oblong_rooms, layout_twisted_circle
Zot:4:    layout_twisted_circle, hangedman_hellfire_club
Zot:5:    layout_gridlike, skrybe_zot_glass_2

Skill      XL: |  1  2  3  4  5  6  7  8  9 10 11 12 13 14 15 16 17 18 19 20 21 22 23 24 25 26 |
---------------+-------------------------------------------------------------------------------+-----
Axes           | 3 4 5 6 7 8 10 13 14 16 17 18 | 18.0
Dodging        | 1 2 5 |  5.0
Stealth        | 3 |  3.9
Invocations    | 2 7 |  7.0
Fighting       | 5 8 12 15 17 21 22 24 27 | 27.0
Armour         | 5 10 11 14 17 23 27 | 27.0
Shields        | 5 6 15 18 20 22 25 27 | 27.0
Short Blades   | 3 |  3.6
Evocations     | 9 12 15 21 22 | 22.1
Long Blades    | |  0.1
Staves         | |  0.1
Unarmed Combat | |  0.1

Action                     |  1- 3 |  4- 6 |  7- 9 | 10-12 | 13-15 | 16-18 | 19-21 | 22-24 | 25-27 || total
---------------------------+-------+-------+-------+-------+-------+-------+-------+-------+-------++-------
  Melee: War axe           |    98 |   114 |   233 |   595 |   763 |   310 |       |       |    69 ||  2182
         Headbutt          |     6 |    17 |    40 |   153 |   163 |   248 |   454 |   492 |   211 ||  1784
         Quick blade       |       |       |       |    19 |       |       |       |       |       ||    19
         Morningstar       |       |       |       |     3 |     6 |       |       |       |       ||     9
         Broad axe         |       |       |       |       |       |   851 |  1616 |  1438 |   577 ||  4482
         Unarmed           |       |       |       |       |       |       |       |       |     9 ||     9
 Invoke: Heroism           |       |       |     3 |    18 |    13 |    10 |     6 |     5 |     1 ||    56
         Finesse           |       |       |       |     1 |       |     1 |     3 |     6 |     3 ||    14
    Use: Scroll            |       |     8 |     3 |    11 |    17 |     3 |     2 |    13 |     6 ||    63
         Potion            |       |     2 |     2 |     4 |     2 |     2 |     5 |     9 |     3 ||    29
   Stab: Paralysed         |       |       |     1 |       |       |       |       |       |       ||     1
         Sleeping          |       |       |       |       |     3 |     1 |     1 |     2 |       ||     7
         Distracted        |       |       |       |       |       |     1 |     1 |     1 |       ||     3
 Armour: Chain mail        |    54 |     1 |       |       |       |       |       |       |       ||    55
         Scale mail        |     1 |       |       |       |       |       |       |       |       ||     1
         Plate armour      |       |    39 |   100 |   292 |    42 |       |       |    16 |       ||   489
         Quicksilver drago |       |       |       |       |   216 |   203 |   160 |    89 |       ||   668
         Ice dragon scales |       |       |       |       |    24 |       |       |       |       ||    24
         Shadow dragon sca |       |       |       |       |       |       |       |   158 |       ||   158
         Gold dragon scale |       |       |       |       |       |       |       |    66 |   181 ||   247
         Skin              |       |       |       |       |       |       |       |       |     4 ||     4
  Dodge: Dodged            |    32 |    33 |    83 |   274 |   534 |   358 |   292 |   478 |   166 ||  2250
  Block: Buckler           |    21 |    18 |    40 |   129 |    86 |       |       |       |       ||   294
         Tower shield      |       |       |       |       |   355 |  1310 |  1247 |  1412 |   588 ||  4912
